 Dungeon Crawl Stone Soup version 0.28-a0-1147-gc7b72d3202 (webtiles) character file.

Game seed: 2627744437730228946

28 ChaosChampion the Skirmisher (level 2, 0/24 HPs)
             Began as a Demonspawn Abyssal Knight on Dec 14, 2021.
             Was a Follower of Lugonu.
             Frozen to death by an endoplasm (1 damage)
             ... on level 2 of the Dungeon.
             The game lasted 00:01:09 (1047 turns).

ChaosChampion the Skirmisher (DsAK)                 Turns: 1047, Time: 00:01:10

Health: 0/24       AC:  3    Str: 13    XL:     2   Next: 96%
Magic:  13/13      EV: 11    Int: 13    God:    Lugonu [*.....]
Gold:   118        SH:  0    Dex: 13    Spells: 1/1 levels left

rFire   . . .      SeeInvis .   f - +6 glaive of Qoklywif {vorpal, MP+9 Int+2 Stlth-}
rCold   . . .      Faith    .   (shield currently unavailable)
rNeg    . . .      Spirit   .   b - +0 leather armour
rPois   .          Reflect  .   (no helmet)
rElec   .          Harm     .   (no cloak)
rCorr   .          Rampage  .   (no gloves)
Will    .....                   (no boots)
Stlth   ..........              (no amulet)
HPRegen 0.08/turn               (no ring)
MPRegen 0.13/turn               (no ring)

@: no status effects
A: weakness stinger 1
a: Renounce Religion, Depart the Abyss


You were on level 2 of the Dungeon.
You worshipped Lugonu.
Lugonu was aware of your devotion.
You visited 1 branch of the dungeon, and saw 2 of its levels.
You visited the Abyss 1 time.

You collected 118 gold pieces.

Inventory:

Hand Weapons
 a - a +1 hand axe
 f - the +6 glaive of Qoklywif (weapon) {vorpal, MP+9 Int+2 Stlth-}
   (You found it on level 2 of the Abyss)

   It inflicts extra damage upon your enemies.
   Int:       It affects your intelligence (+2).
   MP:        It affects your magic capacity (+9).
   Stlth:     It makes you less stealthy.
Armour
 b - a +0 leather armour (worn)
Scrolls
 d - 2 scrolls of identify {unknown}
 e - a scroll of teleportation {unknown}
 g - a scroll of amnesia {unknown}
 h - a scroll of enchant armour {unknown}
 i - a scroll of fog {unknown}
 j - a scroll of vulnerability {unknown}
Potions
 c - a potion of degeneration {unknown}
 k - a potion of mutation {unknown}


   Skills:
 + Level 3.3 Fighting
 - Level 1.7(1.9) Axes
 + Level 1.0(1.5) Polearms
 + Level 2.2 Armour
 - Level 0.8 Dodging
 + Level 3.0 Invocations


You had one spell level left.
You didn't know any spells.
Your spell library contained the following spells:

 Spells                   Type           Power      Damage    Failure   Level
 Animate Skeleton         Necr           0%         N/A       36%         1
 Pain                     Necr           0%         1d4       36%         1
 Vampiric Draining        Necr           0%         2d6       75%         3


Dungeon Overview and Level Annotations

Branches:
Dungeon (2/15)

Altars:


Innate Abilities, Weirdness & Mutations

You have a small tail.


Message History

A jackal comes into view.
The adder misses you.
You barely miss the adder.
You feel very sick.
The jackal barks!
The adder closely misses you. The adder bites you but does no damage.
You slash the adder!
You kill the adder!
Lugonu accepts your kill.
You feel sick. The frilled lizard closely misses you.
Your Invocations skill increases to level 3!
You slash the frilled lizard!
You kill the frilled lizard!
Lugonu accepts your kill.
You feel sick.
You feel sick. The jackal bites you. The kobold hits you but does no damage.
There is a stone staircase leading up here.
You are too injured to fight recklessly!
You are too injured to fight recklessly!
You are too injured to fight recklessly!
You hit the jackal.
You kill the jackal!
Lugonu accepts your kill.
You feel sick.
You are no longer poisoned.
The kobold hits you with a +0 dagger.
* * * LOW HITPOINT WARNING * * *
The kobold hits you with a +0 dagger.
* * * LOW HITPOINT WARNING * * *
Your Polearms skill increases to level 1!
You hit the kobold.
You kill the kobold!
Lugonu accepts your kill.
You hit the jackal.
The jackal is severely wounded.
The jackal bites you.
* * * LOW HITPOINT WARNING * * *
The endoplasm freezes you.
You are frozen.
You die...

.. .#. ...
.# # .. #..
.# #.#.##
.h... .....
..#.## ...
#h#..###
#.##...?..#
#.@#....#.##
##hJ.†......
#<#.#......
#.#.# .....
..... ....
##.#... ...
....... ..
........ .
....#....


You could see an endoplasm and a jackal.

Vanquished Creatures
  An adder (D:2)
  2 endoplasms (D:1)
  A giant cockroach (D:1)
  A goblin (D:1)
  2 hobgoblins (D:1)
  4 jackals
  A kobold (D:2)
  A bat (D:2)
  3 frilled lizards
  A rat (D:1)
17 creatures vanquished.

Notes
Turn   | Place    | Note
-------+----------+-------------------------------------------
     0 | Abyss:1  | ChaosChampion the Demonspawn Abyssal Knight began the quest
                  | for the Orb.
     0 | Abyss:1  | Reached XP level 1. HP: 18/18 MP: 2/2
    57 | Abyss:2  | Identified the +6 glaive of Qoklywif {vorpal, MP+9 Int+2
                  | Stlth-}
    88 | Abyss:2  | Noticed a large abomination
    89 | D:1      | Escaped the Abyss
   541 | D:1      | Gained mutation: You have a small tail. [demonic ancestry]
   541 | D:1      | Reached XP level 2. HP: 24/24 MP: 4/4
  1046 | D:2      | Reached skill level 1 in Polearms
  1047 | D:2      | HP: 1/24 [jackal (3)]
  1047 | D:2      | Frozen to death by an endoplasm

Illustrated notes

Levels and vault maps discovered:
D:1:      ncdulo_halloftheorcs, layout_basic, corexii_hall_statues_t, hex_tiny
D:2:      layout_rooms, basic_ecumenical_altar, hangedman_decor_push

Skill      XL: |  1  2 |
---------------+-------+-----
Armour         | 2 |  2.2
Invocations    | 3 |  3.0
Polearms       | 1 |  1.0
Fighting       | |  3.3
Axes           | |  1.7
Dodging        | |  0.8

Action                   || total
-------------------------++-------
Melee: Glaive            ||    32
Armor: Leather armour    ||     6
Dodge: Dodged            ||    19

Table legend: (Time is in decaauts)
 A = Elapsed time spent in this place.
 B = Non-inter-level travel time spent in this place.
 C = Inter-level travel time spent in this place.
 D = Time resting spent in this place.
 E = Time spent auto-exploring this place.
 F = Levels seen in this place.
 G = Mean time per level.
                   A        B        C        D        E       F      G
               +--------+--------+--------+--------+--------+-----+--------+
         Total |   1068 |   1053 |     15 |      0 |    881 |   4 |  267.0 |
       Dungeon |    977 |    962 |     15 |      0 |    872 |   2 |  488.5 |
         Abyss |     90 |     90 |      0 |      0 |      9 |   2 |   45.0 |
               +--------+--------+--------+--------+--------+-----+--------+

Top non-repeatable levels by time:
     D:1: 955 daAuts
 Abyss:2: 71 daAuts
     D:2: 22 daAuts
 Abyss:1: 19 daAuts
